 Dungeon Crawl Stone Soup version 0.20.1-1-g8b1a95d (webtiles) character file.

2376 digijack the Gusty (level 9, -5/74 HPs)
             Began as a White Draconian Air Elementalist on Nov 9, 2017.
             Was a Believer of Sif Muna.
             Slain by an orc warrior
             ... wielding a +0 trident
              (21 damage)
             ... on level 7 of the Dungeon on Nov 20, 2017.
             The game lasted 01:08:32 (8280 turns).

digijack the Gusty (DrAE)                           Turns: 8280, Time: 01:08:32

Health: -5/74      AC: 12    Str:  9    XL:     9   Next: 21%
Magic:  13/17      EV: 12    Int: 22    God:    Sif Muna [**....]
Gold:   270        SH:  0    Dex: 12    Spells: 8/19 levels left

rFire    . . .     SeeInvis .   t - -2 dagger (curse)
rCold    + . .     Gourm    .   (no shield)
rNeg     . . .     Faith    .   (armour unavailable)
rPois    .         Spirit   .   (helmet restricted)
rElec    .         Reflect  .   e - +1 cloak
rCorr    .         Harm     .   s - +2 pair of gloves
MR       +....     Clarity  +   (no boots)
Stlth    +++.......             d - amulet of magic regeneration
Regen    0.3/turn               h - +4 ring of intelligence
MPRegen  0.3/turn               g - ring of protection from magic

@: no status effects
A: breathe frost, unfitting armour, clarity, cold resistance 1, deterioration 1,
weak 1, cold-blooded, AC +7
a: Breathe Frost, Divine Energy, Renounce Religion


You were on level 7 of the Dungeon.
You worshipped Sif Muna.
Sif Muna was pleased with you.
You were not hungry.

You visited 2 branches of the dungeon, and saw 8 of its levels.

You collected 357 gold pieces.
You spent 87 gold pieces at shops.

Inventory:

Hand Weapons
 k - a +3 dagger of chaos
 t - a cursed -2 dagger (weapon)
Armour
 e - a +1 cloak (worn)
 s - a +2 pair of gloves (worn)
Jewellery
 d - an amulet of magic regeneration (around neck)
 g - a ring of protection from magic (right hand)
 h - a +4 ring of intelligence (left hand)
 n - an uncursed ring of positive energy
Wands
 w - a wand of clouds (2/9)
 x - a wand of iceblast (7/15)
Scrolls
 c - a scroll of blinking
 j - 5 scrolls of teleportation
 l - 5 scrolls of recharging
 p - a scroll of magic mapping
Potions
 f - a potion of heal wounds
 m - a potion of haste
 q - a potion of invisibility
 r - 2 potions of curing
 u - a potion of agility
Books
 a - a book of Air

   Spells                             Type                      Level
   a - Shock                          Conjuration/Air              1
   b - Swiftness                      Charms/Air                   2
   c - Static Discharge               Conjuration/Air              3
   d - Airstrike                      Air                          4
   e - Lightning Bolt                 Conjuration/Air              5
Comestibles
 b - a meat ration
 i - 5 bread rations
 o - a royal jelly


   Skills:
 + Level 5.5 Fighting
 - Level 2.2 Dodging
 + Level 5.7 Stealth
 + Level 5.6 Spellcasting
 + Level 5.4 Conjurations
 + Level 6.2 Air Magic


You had 8 spell levels left.
You knew the following spells:

 Your Spells              Type           Power        Failure   Level  Hunger
a - Shock                 Conj/Air       ####         1%          1    None
b - Swiftness             Chrm/Air       ###.....     4%          2    None
c - Static Discharge      Conj/Air       ####....     2%          3    ##.....
d - Lightning Bolt        Conj/Air       ####......   24%         5    #####..


Dungeon Overview and Level Annotations

Branches:
Dungeon (7/15)             Temple (1/1) D:7

Altars:
Ashenzari
Cheibriados
Fedhas
Gozag
Hepliaklqana
Okawaru
Qazlal
Ru
Sif Muna
Trog
Vehumet
Xom
Yredelemnul
Zin
The Shining One

Shops:
D:4 *


Innate Abilities, Weirdness & Mutations

You can breathe waves of freezing cold.
You can buffet flying creatures when you breathe cold.
Your icy white scales are hard. (AC +7)
You cannot fit into any form of body armour.
Your flesh is cold resistant. (rC+)
You are cold-blooded and may be slowed by cold attacks.
You possess an exceptional clarity of mind.
Your body sometimes deteriorates upon taking damage.
You are weak. (Str -2)


Message History

Aiming: Shock
Press: ? - help, Shift-Dir - straight line, f/p - orc warrior
Aim: an orc warrior, wielding a trident and wearing a chain mail (lightly wounded)
The zap misses the orc warrior.
The orc warrior closely misses you.
Casting: Shock
Confirm with . or Enter, or press ? or * to list all spells.
Aiming: Shock
Press: ? - help, Shift-Dir - straight line, f/p - orc warrior
Aim: an orc warrior, wielding a trident and wearing a chain mail (lightly wounded)
The zap hits the orc warrior.
The orc warrior is moderately wounded.
The orc warrior misses you.
Casting: Shock
Confirm with . or Enter, or press ? or * to list all spells.
Aiming: Shock
Press: ? - help, Shift-Dir - straight line, p - orc warrior The zap misses the orc warrior.
The zap hits the orc warrior.
The orc warrior is moderately wounded.
The orc warrior hits you from afar with a trident!!
You die...

######## .......#
######### ######.#
### #.@.....# #
####.###.####.#####.#
######
###...........o.# #.#
#.....
.............#### #.#
#.#### ....##..#...##
#.# #.####
######..##.## #.#
#.##.. ........##.#
#.# #.##.#
#######.##.#
######.## #.##.#
........##'##
#.......#####.##.#


You could see an orc warrior.

Vanquished Creatures
  A hungry ghost (D:7)
  Menkaure (D:5)
  A water moccasin (D:6)
  An orc warrior (D:6)
  2 phantoms
  A necrophage (D:6)
  A sky beast (D:6)
  2 ogres
  3 bullfrogs
  2 scorpions (D:5)
  2 howler monkeys
  6 crimson imps
  3 jellies
  6 hounds
  3 orc wizards
  Jessica (D:2)
  A gnoll shaman (D:7)
  2 iguanas
  2 worker ants (D:6)
  A hound zombie (D:6)
  11 gnolls
  7 adders
  A shadow imp (D:7)
  An ooze (D:1)
  3 worms
  3 dart slugs
  2 leopard geckos
  14 orcs
  4 ball pythons
  6 bats
  4 giant cockroaches
  8 goblins
  7 hobgoblins
  8 jackals
  8 kobolds
  3 quokkas
  5 frilled lizards (D:1)
  A jackal skeleton (D:5)
  9 rats
147 creatures vanquished.

Notes
Turn   | Place    | Note
-------+----------+-------------------------------------------
     0 | D:1      | digijack the Draconian Air Elementalist began the quest for the Orb.
     0 | D:1      | Reached XP level 1. HP: 14/14 MP: 3/3
   397 | D:1      | Reached XP level 2. HP: 20/20 MP: 0/5
   441 | D:1      | Learned a level 2 spell: Swiftness
   574 | D:1      | Gained mutation: You are agile. (Dex +2) [potion of mutation]
   574 | D:1      | Gained mutation: You have a pair of small horns on your head. [potion of mutation]
   574 | D:1      | Gained mutation: You have a pair of horns on your head. [potion of mutation]
   574 | D:1      | Gained mutation: You have a pair of large horns on your head. [potion of mutation]
  1393 | D:2      | Reached XP level 3. HP: 26/26 MP: 3/6
  1398 | D:2      | Learned a level 3 spell: Static Discharge
  2492 | D:2      | Noticed Jessica
  2494 | D:2      | Killed Jessica
  2494 | D:2      | Reached XP level 4. HP: 34/34 MP: 4/7
  2560 | D:2      | Reached skill level 1 in Fighting
  3191 | D:3      | Reached XP level 5. HP: 40/40 MP: 5/9
  3360 | D:3      | Found a blossoming altar of Fedhas.
  3683 | D:4      | Noticed an ogre
  3695 | D:4      | Reached skill level 4 in Air Magic
  3698 | D:4      | Killed an ogre
  3698 | D:4      | Reached XP level 6. HP: 8/48 MP: 2/11
  4340 | D:4      | Found a shimmering altar of Xom.
  4356 | D:4      | Found Maul's Assorted Antiques.
  4359 | D:4      | Bought a scroll of remove curse for 87 gold pieces
  4464 | D:4      | Found a deep blue altar of Sif Muna.
  4467 | D:4      | Became a worshipper of Sif Muna the Loreminder
  4642 | D:4      | Your scales start taking on an icy white colour.
  4642 | D:4      | Reached XP level 7. HP: 45/56 MP: 2/12
  4642 | D:4      | Gained mutation: Your flesh is cold resistant. (rC+) [White Draconian growth]
  4832 | D:5      | Entered Level 5 of the Dungeon
  4858 | D:5      | Noticed Menkaure
  4863 | D:5      | Killed Menkaure
  4916 | D:5      | Found an iron altar of Okawaru.
  5244 | D:5      | Found a basalt altar of Yredelemnul.
  5387 | D:5      | Reached skill level 5 in Air Magic
  5575 | D:5      | Reached XP level 8. HP: 66/66 MP: 0/14
  5934 | D:6      | Reached * piety under Sif Muna
  5970 | D:6      | Gained mutation: You possess an exceptional clarity of mind. [mutagenic meat]
  6202 | D:6      | Reached skill level 5 in Spellcasting
  6275 | D:6      | Reached skill level 5 in Stealth
  6711 | D:6      | Reached skill level 5 in Conjurations
  6760 | D:6      | Found an iron altar of Okawaru.
  7050 | D:7      | Found a staircase to the Ecumenical Temple.
  7070 | D:7      | Reached ** piety under Sif Muna
  7070 | D:7      | Reached skill level 5 in Fighting
  7070 | D:7      | Reached skill level 6 in Air Magic
  7070 | D:7      | Reached XP level 9. HP: 74/74 MP: 5/17
  7296 | Temple   | Entered the Ecumenical Temple
  7563 | D:7      | Lost mutation: You have a pair of large horns on your head. [potion of mutation]
  7563 | D:7      | Lost mutation: You possess an exceptional clarity of mind. [potion of mutation]
  7563 | D:7      | Lost mutation: You are agile. (Dex +2) [potion of mutation]
  7563 | D:7      | Lost mutation: You have a pair of horns on your head. [potion of mutation]
  7563 | D:7      | Lost mutation: You have a pair of small horns on your head. [potion of mutation]
  7563 | D:7      | Gained mutation: Your body sometimes deteriorates upon taking damage. [potion of mutation]
  7563 | D:7      | Gained mutation: You are weak. (Str -2) [potion of mutation]
  7563 | D:7      | Gained mutation: You possess an exceptional clarity of mind. [potion of mutation]
  7605 | D:7      | Learned a level 5 spell: Lightning Bolt
  7675 | D:7      | Found a shattered altar of Ashenzari.
  8280 | D:7      | Slain by an orc warrior

Skill      XL: |  1  2  3  4  5  6  7  8 |
---------------+-------------------------+-----
Dodging        | 2 |  2.2
Stealth        | 2 3 4 5 |  5.7
Fighting       | 1 2 3 5 |  5.5
Conjurations   | 2 3 4 5 |  5.4
Spellcasting   | 3 4 5 |  5.6
Air Magic      | 4 5 6 |  6.2

Action                   |  1- 3 |  4- 6 |  7- 9 || total
-------------------------+-------+-------+-------++-------
Melee: Unarmed           |     3 |    34 |       ||    37
       Headbutt          |     1 |     7 |     1 ||     9
       Tailslap          |       |     2 |     5 ||     7
       War axe           |       |     1 |       ||     1
       Dagger            |       |       |    29 ||    29
 Cast: Shock             |    86 |   128 |   248 ||   462
       Static Discharge  |       |     1 |     2 ||     3
       Swiftness         |       |     1 |       ||     1
       Lightning Bolt    |       |       |     3 ||     3
 Abil: Breathe Frost     |       |       |     2 ||     2
  Use: Potion            |     7 |     4 |     3 ||    14
       Scroll            |     4 |     7 |     8 ||    19
  Eat: Bread ration      |     1 |       |       ||     1
       Chunk             |     1 |     6 |     4 ||    11
       Meat ration       |       |     1 |     2 ||     3
Armor: Skin              |     7 |    28 |    40 ||    75
Dodge: Dodged            |    19 |    59 |    44 ||   122
